 Dungeon Crawl Stone Soup version 0.31-a0-105-gc0b45f0da6 (webtiles) character file.

Game seed: 11223647991499047157

135 Nedwor the Cutter (level 4, -2/28 (34) HPs)
             Began as a Demonspawn Gladiator on May 27, 2023.
             Slain by Duvessa
             ... wielding a +1 short sword of draining
              (6 damage)
             ... on level 4 of the Dungeon.
             The game lasted 00:04:17 (2451 turns).

Nedwor the Cutter (Demonspawn Gladiator)            Turns: 2451, Time: 00:04:19

HP:   -2/28 (34)    AC:  7    Str: 22    XL:     4   Next: 96%
MP:   4/4           EV: 13    Int:  9    God:
Gold: 144           SH:  0    Dex: 15    Spells: 3/3 levels left

rFire   + . .        a - +0 rapier
rCold   + . .        (no shield)
rNeg    . . .        q - +3 leather armour {rC+}
rPois   .            (helmet restricted)
rElec   .            h - +0 cloak
rCorr   .            (no gloves)
SInv    .            (no boots)
Will    .....        (no amulet)
Stlth   +            f - ring of protection from fire
HPRegen 0.24/turn    b - +6 ring of strength
MPRegen 0.09/turn

%: no passive effects
@: heavily drained
A: hooves 1, horns 1, foul stench 1
a: no special abilities


You were on level 4 of the Dungeon.
You visited 1 branch of the dungeon, and saw 4 of its levels.

You collected 144 gold pieces.

Inventory:

Hand Weapons
 a - a +0 rapier (weapon)
Missiles
 d - 3 throwing nets (quivered)
 e - a javelin
Armour
 h - a +0 cloak (worn)
 k - a +0 helmet
 q - a +3 leather armour of cold resistance (worn)
Jewellery
 b - a +6 ring of strength (right hand)
 f - a ring of protection from fire (left hand)
Scrolls
 c - 2 scrolls of fear
Potions
 g - a potion of lignification {unknown}
 i - a potion of degeneration {unknown}
 l - 2 potions of heal wounds
 m - 3 potions of curing
 p - a potion of ambrosia {unknown}


   Skills:
 + Level 2.9 Fighting
 * Level 3.8 Short Blades
 - Level 1.7 Throwing
 + Level 1.6 Armour
 + Level 3.3 Dodging


You had 3 spell levels left.
You didn't know any spells.
Your spell library contained the following spells:

 Spells                   Type           Power      Damage    Failure   Level
 Apportation              Tloc           0%         N/A       43%         1
 Necrotise                Necr           0%         1d4       43%         1
 Shock                    Conj/Air       0%         1d3       43%         1
 Summon Small Mammal      Summ           0%         N/A       43%         1
 Ensorcelled Hibernation  Hex/Ice        0%         N/A       56%         2
 Passwall                 Tmut/Erth      0%         N/A       56%         2
 Swiftness                Air            0%         N/A       80%         3
 Airstrike                Air            0%         2d(0-16)  99%         4
 Fireball                 Conj/Fire      0%         3d3       100%        5
 Iskenderun's Battlesphe  Conj           0%         2d6       100%        5
 Conjure Ball Lightning   Conj/Air       0%         3x3d6     100%        6
 Orb of Destruction       Conj           0%         9d5       100%        7


Dungeon Overview and Level Annotations

Branches:
Dungeon (4/15)
 Temple: D:4-7

Altars:
Okawaru
Ru

Shops:
D:3 :

Annotations:
D:1 2 transporters
D:4 Duvessa


Innate Abilities, Weirdness & Mutations

You have large cloven feet.
You have a pair of small horns on your head.
You may rarely emit foul miasma when damaged in melee.


Message History

Duvessa hits you with a +1 short sword of draining.
You feel drained.
You hit Duvessa. Your kick misses Duvessa.
Duvessa is lightly wounded.
The ufetubus misses you.
The ufetubus hits you but does no damage.
Unknown command.
The ufetubus barely misses you. The ufetubus closely misses you.
Duvessa closely misses you. The ufetubus barely misses you.
The ufetubus hits you but does no damage.
Duvessa hits you with a +1 short sword of draining!
You feel drained.
Unknown command.
You hit Dowan. You kick Dowan. You headbutt Dowan.
Dowan is heavily wounded.
The ufetubus hits you.
The ufetubus hits you but does no damage.
Duvessa hits you but does no damage.
You feel drained. Dowan hits you but does no damage.
You puncture Dowan!
Dowan is almost dead.
The ufetubus closely misses you. The ufetubus barely misses you.
Duvessa hits you with a +1 short sword of draining.
* * * LOW HITPOINT WARNING * * *
You feel drained.
* * * LOW HITPOINT WARNING * * *
Dowan barely misses you. The ufetubus closely misses you.
The ufetubus barely misses you. Duvessa closely misses you.
You hit Dowan. You kick Dowan.
Dowan is almost dead.
The ufetubus closely misses you. x2; Duvessa closely misses you.
Dowan hits you but does no damage.
You closely miss Dowan. You headbutt Dowan.
You kill Dowan!
Duvessa screams in rage.
Duvessa goes berserk!
The ufetubus hits you but does no damage.
The ufetubus closely misses you.
Duvessa hits you with a +1 short sword of draining.
You die...

##...## ##.....## #.......#
#....).<#### #.......[..#
######.............
########....#...<.........
#......#....5..(..........
#...........)@.............
..........##..e............
..........###...[..#...#...
?.........# ##.......###..
..........####.....###
.........5#..........
........e#.!#########.
............# ........).###


You could see Duvessa (berserk, fast) and an ufetubus.

Vanquished Creatures
  Dowan (D:4)
  An orc priest (D:4)
  Ijyb (D:2)
  2 adders
  An ufetubus (D:3)
  A worm (D:2)
  A dart slug (D:1)
  4 orcs
  3 ball pythons (D:1)
  4 endoplasms
  A giant cockroach (D:1)
  6 goblins
  6 hobgoblins
  3 jackals (D:1)
  A quokka (D:3)
  4 bats
  2 frilled lizards
  4 kobolds
  5 rats
51 creatures vanquished.

Notes
Turn   | Place    | Note
-------+----------+-------------------------------------------
     0 | D:1      | Nedwor the Demonspawn Gladiator began the quest for the
                  | Orb.
     0 | D:1      | Reached XP level 1. HP: 16/16 MP: 1/1
   201 | D:1      | Gained mutation: You may rarely emit foul miasma when
                  | damaged in melee. [demonic ancestry]
   201 | D:1      | Reached XP level 2. HP: 9/22 MP: 2/2
  1105 | D:2      | Discovered your monstrous ancestry.
  1105 | D:2      | Gained mutation: You have a pair of small horns on your
                  | head. [demonic ancestry]
  1105 | D:2      | Reached XP level 3. HP: 16/28 MP: 3/3
  1186 | D:2      | Reached skill level 1 in Armour
  1459 | D:3      | Noticed Ijyb
  1503 | D:2      | Killed Ijyb
  1735 | D:3      | Gained mutation: You have large cloven feet. [demonic
                  | ancestry]
  1735 | D:3      | Reached XP level 4. HP: 23/34 MP: 4/4
  1811 | D:3      | Found an iron altar of Okawaru.
  1916 | D:3      | Found Xiqas's Book Shoppe.
  2067 | D:3      | Found a sacrificial altar of Ru.
  2427 | D:4      | Noticed Duvessa
  2428 | D:4      | Noticed Dowan
  2451 | D:4      | Killed Dowan
  2451 | D:4      | Slain by Duvessa

Illustrated notes

Levels and vault maps discovered:
D:1:      spicycebolla_arrival_transporter_tutorial, layout_basic
D:2:      layout_rooms
D:3:      layout_rooms, okawaru_metal_pillars_3, mainiacjoe_overflow_alcove_4,
          serial_shops, nicolae_shop_waterfront, uniq_ijyb
D:4:      layout_rooms, lemuel_doored_altar, uniq_duvessa

Skill      XL: |  1  2  3 |
---------------+----------+-----
Short Blades   | 3 |  3.8
Armour         | 1 |  1.6
Dodging        | 3 |  3.3
Fighting       | |  2.9
Throwing       | |  1.7

Action                     |  1- 3 |  4- 6 || total
---------------------------+-------+-------++-------
  Melee: Rapier            |   124 |    60 ||   184
         Punch             |     3 |       ||     3
         Unarmed           |    23 |       ||    23
         Headbutt          |     4 |    14 ||    18
         Kick              |       |    17 ||    17
    Use: Scroll            |       |     7 ||     7
 Armour: Leather armour    |    53 |    33 ||    86
         Skin              |     1 |       ||     1
  Dodge: Dodged            |   134 |    72 ||   206

Table legend: (Time is in decaauts)
 A = Elapsed time spent in this place.
 B = Non-inter-level travel time spent in this place.
 C = Inter-level travel time spent in this place.
 D = Time resting spent in this place.
 E = Time spent auto-exploring this place.
 F = Levels seen in this place.
 G = Mean time per level.
                   A        B        C        D        E       F      G
               +--------+--------+--------+--------+--------+-----+--------+
         Total |   2464 |   2422 |     42 |    315 |   1595 |   4 |  616.0 |
       Dungeon |   2464 |   2422 |     42 |    315 |   1595 |   4 |  616.0 |
               +--------+--------+--------+--------+--------+-----+--------+

Top non-repeatable levels by time:
     D:1: 971 daAuts
     D:2: 730 daAuts
     D:3: 608 daAuts
     D:4: 153 daAuts
